 Dungeon Crawl Stone Soup version 0.30-a0-1074-g5db6f66fbb (webtiles) character file.

Game seed: 7874390435029831675

3215 hwolsky the Fighter (level 9, -13/86 HPs)
             Began as a Minotaur Fighter on Apr 13, 2023.
             Was an Initiate of Makhleb.
             Blown up by an eye of devastation (27 damage)
             ... with a bolt of energy
             ... on level 1 of the Abyss.
             The game lasted 00:28:02 (5899 turns).

hwolsky the Fighter (Minotaur Fighter)              Turns: 5899, Time: 00:28:06

Health: -13/86     AC: 16    Str: 30    XL:     9   Next: 65%
Magic:  8/8        EV: 10    Int:  5    God:    Makhleb [......]
Gold:   354        SH:  6    Dex: 15    Spells: 8/8 levels left

rFire   . . .      SeeInvis .    a - +2 long sword (flame)
rCold   . . .      Faith    .    c - +0 buckler
rNeg    + . .      Spirit   .    b - +1 scale mail
rPois   .          Reflect  .    (helmet restricted)
rElec   .          Rampage  .    g - +2 cloak
rCorr   +                        (no gloves)
Will    +....                    k - +2 pair of boots Stlth
                                 (no amulet)
HPRegen 0.34/turn                w - ring "Syn Duth" {*Slow Will+ rCorr Str+4 Dex+6}
MPRegen 0.11/turn                l - ring of positive energy

@: slowed, very slow
A: horns 2, retaliatory headbutt
a: Renounce Religion


You were on level 1 of the Abyss.
You worshipped Makhleb.
Makhleb was noncommittal.
You visited 2 branches of the dungeon, and saw 7 of its levels.
You visited the Abyss 1 time.
You also visited: Sewer and Ossuary.

You collected 354 gold pieces.

Inventory:

Hand Weapons
 a - a +2 long sword of flaming (weapon)
Armour
 b - a +1 scale mail (worn)
 c - a +0 buckler (worn)
 g - a +2 cloak (worn)
 k - a +2 pair of boots (worn)
Jewellery
 l - a ring of positive energy (right hand)
 w - the ring "Syn Duth" (left hand) {*Slow Will+ rCorr Str+4 Dex+6}
   (You found it on level 5 of the Dungeon)

   [ring of dexterity]

   Str:       It affects your strength (+4).
   Dex:       It affects your dexterity (+6).
   rCorr:     It protects you from acid and corrosion.
   *Slow:     It may slow you when you take damage.
   Will:      It increases your willpower.
Wands
 q - a wand of flame (21)
Scrolls
 f - 2 scrolls of magic mapping
 h - a scroll of amnesia
 s - a scroll of butterflies
 u - a scroll of poison
Potions
 d - 2 potions of brilliance
 e - 2 potions of might
 i - 3 potions of degeneration
 j - a potion of lignification {unknown}
 n - 2 potions of mutation
 o - 4 potions of attraction
 p - 4 potions of heal wounds
 t - 3 potions of resistance
 v - 2 potions of curing


   Skills:
 * Level 10.9 Fighting
 * Level 10.5 Long Blades
 * Level 10.7 Armour
 + Level 8.2 Shields


You had 8 spell levels left.
You didn't know any spells.
Your spell library contained the following spells:

 Spells                   Type           Power      Damage    Failure   Level
 Freeze                   Ice            0%         1d3       75%         1
 Frozen Ramparts          Ice            0%         1d1       98%         3
 Hailstorm                Conj/Ice       0%         3d3       98%         3


Dungeon Overview and Level Annotations

Branches:
Dungeon (6/15)             Temple (1/1) D:5           Sewer (visited)
Ossuary (visited)

Altars:
Ashenzari
Cheibriados
Dithmenos
Elyvilon
Fedhas
Gozag
Hepliaklqana
Makhleb
Nemelex Xobeh
Okawaru
Qazlal
Ru
Sif Muna
Vehumet
Xom
Yredelemnul
Zin
The Shining One

Shops:
D:3 (*!


Innate Abilities, Weirdness & Mutations

You have a pair of horns on your head.
You reflexively headbutt those who attack you in melee.


Message History

The thrashing horror is moderately damaged.
You block the thrashing horror's attack.
The thrashing horror barely misses you.
The thrashing horror closely misses you.
You furiously retaliate!
You headbutt the thrashing horror! The thrashing horror tramples you.
You hold your ground!
The chaos spawn gores you but does no damage.
You hit the eye of devastation. You burn the eye of devastation.
The eye of devastation is lightly wounded.
The thrashing horror tramples you.
You hold your ground!
The thrashing horror tramples you but does no damage.
The thrashing horror closely misses you.
The thrashing horror tramples you but does no damage.
The chaos spawn hits you but does no damage.
You hit the eye of devastation but do no damage.
The eye of devastation is lightly wounded.
The thrashing horror tramples you!
You hold your ground!
The thrashing horror tramples you but does no damage.
The thrashing horror tramples you!
You hold your ground!
The thrashing horror tramples you.
* * * LOW HITPOINT WARNING * * *
You feel yourself slow down.
You hold your ground!
The thrashing horror tramples you.
* * * LOW HITPOINT WARNING * * *
You hold your ground!
The thrashing horror tramples you but does no damage.
The chaos spawn hits you.
* * * LOW HITPOINT WARNING * * *
The chaos spawn freezes you!
* * * LOW HITPOINT WARNING * * *
You feel much better.
You block the thrashing horror's attack. x2
The thrashing horror tramples you.
* * * LOW HITPOINT WARNING * * *
You hold your ground!
The thrashing horror tramples you.
* * * LOW HITPOINT WARNING * * *
You hold your ground!
You block the chaos spawn's attack. The eye of devastation gazes at you.
The bolt of energy hits you!!
You die...

. .....#. ..#. ..
........ .... #..
#..... ....# ##..
#... . # . ..#.#
##.## ##.# .
#....###...###.>h##
.. #.....#X....#....
...
#.....X..............
#.....#@4...#.....# .
..... ##G..### . #
.##. ##.## ## ## #.
#...### ..## .. #.
#.....#... .#. . # .
.. .... . ... .#
....#.....#....
...###. .###. .# #. #
# #.#


You could see an eye of devastation, 2 thrashing horrors and a chaos spawn.

Vanquished Creatures
  A hell hound (Abyss:1)
  A water moccasin (D:5)
  A black bear (D:5)
  A phantom (D:4)
  4 kobold brigands (Sewer)
  A bullfrog (D:6)
  4 scorpions (D:5)
  3 water moccasin zombies (Ossuary)
  A howler monkey (D:5)
  4 hounds
  An iguana (D:5)
  4 orc wizards
  2 mummies (Ossuary)
  4 gnolls (D:2)
  9 adders
  A white imp (D:5)
  An ufetubus (D:5)
  4 adder zombies (Ossuary)
  3 dart slugs
  14 orcs
  10 endoplasms
  8 giant cockroaches
  2 gnoll zombies (Ossuary)
  18 goblins
  10 hobgoblins
  2 jackals (D:2)
  9 quokkas
  5 ball pythons
  8 bats
  11 frilled lizards
  6 hobgoblin zombies (Ossuary)
  18 kobolds
  4 kobold zombies (Ossuary)
  4 orc zombies (Ossuary)
  5 rats
184 creatures vanquished.

Vanquished Creatures (others)
  3 fungi (Sewer)
  21 plants
24 creatures vanquished.

Grand Total: 208 creatures vanquished

Notes
Turn   | Place    | Note
-------+----------+-------------------------------------------
     0 | D:1      | hwolsky the Minotaur Fighter began the quest for the Orb.
     0 | D:1      | Reached XP level 1. HP: 19/19 MP: 0/0
    81 | D:1      | Reached XP level 2. HP: 27/27 MP: 1/1
   530 | D:1      | Reached XP level 3. HP: 33/33 MP: 2/2
  1082 | D:2      | HP: 1/33 [gnoll/+0 halberd (5)]
  1087 | D:2      | Reached XP level 4. HP: 11/41 MP: 3/3
  1739 | D:3      | Found Urchoel's General Store.
  1740 | D:3      | Found Qizi Winwo's Distillery.
  2168 | D:3      | Reached XP level 5. HP: 47/47 MP: 4/4
  2403 | D:3      | Found a glowing golden altar of the Shining One.
  2421 | D:3      | Found Sigay's Weapon Emporium.
  2568 | D:4      | Noticed a phantom
  2590 | D:4      | Killed a phantom
  2591 | D:4      | Reached skill level 5 in Fighting
  2591 | D:4      | Reached skill level 5 in Armour
  2645 | D:4      | Reached XP level 6. HP: 53/56 MP: 5/5
  2712 | D:4      | Found a glowing drain.
  2733 | Sewer    | Entered a sewer
  2870 | Sewer    | Reached skill level 5 in Long Blades
  3087 | Sewer    | Reached skill level 5 in Shields
  3097 | Sewer    | Reached XP level 7. HP: 32/63 MP: 6/6
  3602 | D:4      | You fall into a shaft and drop 2 floors!
  3622 | D:5      | Entered Level 5 of the Dungeon
  3622 | D:5      | Found a sand-covered staircase.
  3654 | Ossuary  | Entered an ossuary
  3911 | D:5      | Identified the +4 hand axe of Mana {elec, rElec rC++ Str-3
                  | SInv}
  4106 | D:5      | Reached XP level 8. HP: 70/71 MP: 7/7
  4261 | D:5      | Found a snail-covered altar of Cheibriados.
  4322 | D:5      | Found a staircase to the Ecumenical Temple.
  4341 | Temple   | Entered the Ecumenical Temple
  4502 | Temple   | Became a worshipper of Makhleb the Destroyer
  4802 | D:5      | Found a sparkling altar of Nemelex Xobeh.
  5174 | D:5      | Identified the ring "Syn Duth" {*Slow Will+ rCorr Str+4
                  | Dex+6}
  5182 | D:5      | Reached skill level 10 in Fighting
  5182 | D:5      | Reached skill level 10 in Long Blades
  5182 | D:5      | Reached skill level 10 in Armour
  5182 | D:5      | Reached XP level 9. HP: 86/86 MP: 8/8
  5795 | Abyss:1  | Cast into level 1 of the Abyss (orc)
  5796 | Abyss:1  | Found a corrupted altar of Lugonu.
  5856 | Abyss:1  | Found an ancient bone altar of Kikubaaqudgha.
  5859 | Abyss:1  | Found an ancient bone altar of Kikubaaqudgha.
  5859 | Abyss:1  | Found an ancient bone altar of Kikubaaqudgha.
  5862 | Abyss:1  | Noticed a thrashing horror
  5876 | Abyss:1  | Noticed a thrashing horror
  5889 | Abyss:1  | Noticed an eye of devastation
  5898 | Abyss:1  | HP: 2/86 [chaos spawn (14)]
  5899 | Abyss:1  | Blown up by an eye of devastation

Illustrated notes

Levels and vault maps discovered:
D:1:      minmay_arrival_wavy_path, layout_basic
D:2:      cheibrodos_greedy_goblins, layout_basic
D:3:      layout_basic, general_overflow_altar, serial_shops, shop, shop, shop,
          minmay_lizard_king
D:4:      layout_loops_ring, gup_sewer_entry_pipe, minmay_ruptured
D:5:      minmay_angry_zag, layout_basic, mainiacjoe_overflow_catch_the_wave,
          minmay_temple_entry_statues_pillars, enter_ossuary_1
D:6:      layout_loops_ring
Temple:   eino_wide_crystal_templ
Abyss:1:  base: D:2, evilmike_abyss_exit_12, evilmike_abyss_exit_mutagenic

Skill      XL: |  1  2  3  4  5  6  7  8 |
---------------+-------------------------+-----
Shields        | 4 5 8 |  8.2
Fighting       | 4 5 6 10 | 10.9
Armour         | 4 5 6 10 | 10.7
Long Blades    | 3 4 5 6 10 | 10.5

Action                     |  1- 3 |  4- 6 |  7- 9 || total
---------------------------+-------+-------+-------++-------
  Melee: Long sword        |    85 |   220 |   234 ||   539
         Headbutt          |    11 |    22 |    38 ||    71
  Throw: Throwing net      |       |     2 |       ||     2
    Use: Scroll            |     5 |    10 |     4 ||    19
         Potion            |     3 |       |    10 ||    13
   Stab: Held in net/web   |       |     1 |       ||     1
 Armour: Scale mail        |    46 |   146 |   188 ||   380
  Dodge: Dodged            |    69 |   123 |   110 ||   302
  Block: Buckler           |    28 |    54 |    70 ||   152

Table legend: (Time is in decaauts)
 A = Elapsed time spent in this place.
 B = Non-inter-level travel time spent in this place.
 C = Inter-level travel time spent in this place.
 D = Time resting spent in this place.
 E = Time spent auto-exploring this place.
 F = Levels seen in this place.
 G = Mean time per level.
                   A        B        C        D        E       F      G
               +--------+--------+--------+--------+--------+-----+--------+
         Total |   6057 |   5858 |    199 |    231 |   2494 |  10 |  605.7 |
       Dungeon |   4819 |   4639 |    180 |    125 |   2323 |   6 |  803.2 |
        Temple |    180 |    161 |     19 |      0 |      0 |   1 |  180.0 |
         Abyss |    101 |    101 |      0 |      0 |     42 |   1 |  101.0 |
         Sewer |    735 |    735 |      0 |    106 |    128 |   1 |  735.0 |
       Ossuary |    220 |    220 |      0 |      0 |      0 |   1 |  220.0 |
               +--------+--------+--------+--------+--------+-----+--------+

Top non-repeatable levels by time:
     D:5: 1258 daAuts
     D:1: 939 daAuts
     D:4: 894 daAuts
     D:3: 807 daAuts
     D:2: 763 daAuts
   Sewer: 735 daAuts
 Ossuary: 220 daAuts
  Temple: 180 daAuts
     D:6: 155 daAuts
 Abyss:1: 101 daAuts
